 Dungeon Crawl Stone Soup version 0.30-a0-847-g17996783a1 (webtiles) character file.

Game seed: 4262905624889578065

120192 cforsyth the Imperceptible (level 17, 0/104 HPs)
             Began as a Kobold Brigand on Mar 4, 2023.
             Was the Champion of Hepliaklqana.
             Constricted to death by a naga (5 damage)
             ... on level 3 of the Snake Pit.
             The game lasted 00:51:29 (34261 turns).

cforsyth the Imperceptible (Kobold Brigand)        Turns: 34261, Time: 00:51:30

Health: 0/104      AC: 12    Str:  8    XL:     17   Next: 36%
Magic:  17/17      EV: 27    Int:  8    God:    Hepliaklqana [******]
Gold:   2790       SH:  5    Dex: 24    Spells: 16/16 levels left

rFire   + . .      SeeInvis .    j - +5 dagger (venom)
rCold   . . .      Faith    .    (no shield)
rNeg    . . .      Spirit   .    b - +0 leather armour "Wantiost" {Will+ Int-5 Slay+6}
rPois   .          Reflect  +    K - +2 helmet
rElec   .          Rampage  +    c - +0 cloak
rCorr   .                        s - +1 pair of gloves
Will    +++..                    H - +2 pair of boots {rampage}
Stlth   +++++++++                Q - amulet of reflection
HPRegen 0.37/turn                r - ring of protection from fire
MPRegen 0.15/turn                S - ring of willpower

@: lethally poisoned (0 -> -2), flying (expiring), constricted
A: reduced essence, small, no large weapons, nightstalker 3
a: Renounce Religion, Recall Ancestor, Ancestor Identity, Transference, Idealise


You were on level 3 of the Snake Pit.
You worshipped Hepliaklqana.
Hepliaklqana was exalted by your worship.
You visited 5 branches of the dungeon, and saw 26 of its levels.
You also visited: Sewer, Bailey and Gauntlet.

You collected 3077 gold pieces.
You spent 287 gold pieces at shops.

Inventory:

Hand Weapons
 j - a +5 dagger of venom (weapon)
 L - a +0 quick blade
Missiles
 d - 33 poisoned darts (quivered)
 e - 7 curare-tipped darts
Armour
 b - the +0 leather armour "Wantiost" (worn) {Will+ Int-5 Slay+6}
   (You found it in a bailey)

   Int:       It affects your intelligence (-5).
   Slay:      It affects your accuracy & damage with ranged weapons and melee
   (+6).
   Will:      It increases your willpower.
 c - a +0 cloak (worn)
 k - a +2 robe of willpower
 l - a +0 robe of resistance
 s - a +1 pair of gloves (worn)
 u - +1 acid dragon scales
 H - a +2 pair of boots of rampaging (worn)
 K - a +2 helmet (worn)
Jewellery
 r - a ring of protection from fire (left hand)
 x - a ring of protection from fire
 Q - an amulet of reflection (around neck)
 S - a ring of willpower (right hand)
 U - a ring of willpower
Wands
 A - a wand of acid (14)
 E - a wand of roots (21)
 N - a wand of mindburst (4)
 O - a wand of flame (23)
 P - a wand of paralysis (15)
Scrolls
 h - 3 scrolls of silence
 p - 13 scrolls of teleportation
 v - 2 scrolls of enchant weapon
 w - 5 scrolls of fog
 y - a scroll of summoning
 z - 3 scrolls of torment
 B - 3 scrolls of poison
 I - a scroll of fear
 J - 4 scrolls of identify
 M - 3 scrolls of enchant armour
 R - a scroll of blinking
 W - 3 scrolls of magic mapping
Potions
 a - a potion of ambrosia
 f - 7 potions of haste
 g - 4 potions of lignification
 i - 6 potions of mutation
 m - a potion of magic
 o - 12 potions of curing
 q - 8 potions of heal wounds
 C - 2 potions of resistance
 D - 4 potions of berserk rage
 G - 4 potions of might
 T - 3 potions of attraction
 X - 2 potions of cancellation


   Skills:
 + Level 16.5 Fighting
 + Level 19.3 Short Blades
 - Level 2.1 Throwing
 + Level 17.7 Dodging
 + Level 21.2 Stealth


You had 16 spell levels left.
You didn't know any spells.
Your spell library contained the following spells:

 Spells                   Type           Power      Damage    Failure   Level
 Beastly Appendage        Tmut           0%         N/A       54%         1
 Blink                    Tloc           0%         N/A       67%         2
 Cigotuvi's Dreadful Rot  Necr/Pois/Air  0%         N/A       67%         2
 Lesser Beckoning         Tloc           0%         N/A       67%         2
 Poisonous Vapours        Pois/Air       0%         N/A       67%         2
 Scorch                   Fire           0%         2d5       67%         2
 Static Discharge         Conj/Air       0%         2-2/arc   67%         2
 Sublimation of Blood     Necr           0%         N/A       67%         2
 Wereblood                Tmut           0%         N/A       67%         2
 Frozen Ramparts          Ice            0%         1d1       88%         3
 Gell's Gravitas          Tloc           0%         N/A       88%         3
 Mephitic Cloud           Conj/Pois/Air  0%         N/A       88%         3
 Spider Form              Tmut/Pois      0%         N/A       88%         3
 Stone Arrow              Conj/Erth      0%         3d7       88%         3
 Teleport Other           Tloc           0%         N/A       88%         3
 Vhi's Electric Charge    Tloc/Air       0%         N/A       88%         3
 Animate Armour           Summ/Erth      0%         N/A       99%         4
 Flame Wave               Conj/Fire      0%         2d4       99%         4
 Manifold Assault         Tloc           0%         N/A       99%         4
 Arcjolt                  Conj/Air       0%         1d10      100%        5
 Iskenderun's Battlesphe  Conj           0%         2d6       100%        5
 Lightning Bolt           Conj/Air       0%         1d11      100%        5
 Metabolic Englaciation   Hex/Ice        0%         N/A       100%        5
 Yara's Violent Unravell  Hex/Tmut       0%         3d3       100%        5
 Iron Shot                Conj/Erth      0%         9d1       100%        6
 Summon Cactus Giant      Summ           0%         N/A       100%        6
 Enfeeble                 Hex            0%         N/A       100%        7
 Ozocubu's Refrigeration  Ice            0%         4d7       100%        7
 Spellforged Servitor     Conj/Summ      0%         N/A       100%        7
 Storm Form               Tmut/Air       0%         N/A       100%        7
 Summon Hydra             Summ           0%         N/A       100%        7
 Lehudib's Crystal Spear  Conj/Erth      0%         10d2      100%        8


Dungeon Overview and Level Annotations

Branches:
Dungeon (15/15)            Temple (1/1) D:6            Lair (5/5) D:11
 Shoals (0/4) Lair:3        Snake (2/4) Lair:2        Slime (0/5) Lair:4
    Orc (2/2) D:12            Elf (0/3) Orc:2        Vaults (0/5) D:13
 Depths (0/4) D:15          Sewer (visited)          Bailey (visited)
Gauntlet (visited)

Altars:
Ashenzari
Cheibriados
Dithmenos
Elyvilon
Fedhas
Gozag
Hepliaklqana
Kikubaaqudgha
Makhleb
Nemelex Xobeh
Okawaru
Qazlal
Ru
Sif Muna
Trog
Uskayaw
Vehumet
Wu Jian
Xom
Yredelemnul
Zin
The Shining One

Shops:
D:3 !   D:11 (   D:15 *   Orc:2 *((**   Snake:3 *

Annotations:
D:5 3 runed translucent doors
D:13 1 runed translucent door, Ideihu's ghost, journeyman DjFE
Orc:2 3 runed translucent doors, sigtrap's ghost, journeyman SpHu


Innate Abilities, Weirdness & Mutations

Your life essence is reduced to manifest your ancestor. (-10% HP)
You are small and have problems with some larger weapons.
You are completely attuned to the shadows.


Message History

You block the naga's attack. The naga constricts you.
* * * LOW HITPOINT WARNING * * *
You hit the naga.
The naga is moderately wounded.
The naga closely misses you.
You hit the naga.
The naga is heavily wounded.
You are starting to lose your buoyancy.
The naga barely misses you. The naga constricts you.
* * * LOW HITPOINT WARNING * * *
You hit the naga.
The naga is severely wounded.
You block the naga's attack.
You hit the naga.
The naga is poisoned.
The naga is severely wounded.
The naga completely misses you. The naga constricts you.
You puncture the naga!
You kill the naga!
You barely miss the naga.
The naga is lightly wounded.
The naga spits poison at you. The splash of poison hits you.
You are poisoned.
* * * LOW HITPOINT WARNING * * *
The naga constricts you.
* * * LOW HITPOINT WARNING * * *
You hit the naga.
The naga is moderately wounded.
You feel sick.
You closely miss the naga.
The naga is moderately wounded.
You feel sick. You block the naga's attack. The naga constricts you.
You closely miss the naga.
The naga is moderately wounded.
You closely miss the naga.
The naga is moderately wounded.
You feel sick. The naga hits you with a +0 long sword!
* * * LOW HITPOINT WARNING * * *
The naga constricts you.
You die...

* **,,,,,,,,,****,,,,,,,** **,, *
*,,*,,,,,,,*,,*,,,,,,** *,,,
***,**,,,,,,,******,***,** *,,,
**,,***,,,,*,*******,* **,** *,,,
*,,,,**,,,**,*##.....** **,***,,,
,,,,,******,.##......,* **,,**,,,
,,,,** ****,.........,***,,,,,,*,
,,,,****,,,*#..N)).$.,**,,,,,,,**
,,,**,,,**,*#..)@).:.***,,,,,,,,*
**,,,,,,,,,*#........**,,,,,,,,,,
**,*,,,,,,*#.......#*,,,,,,,,,,,
* *,*,,,,,,*##~.~###.,,,*,,,,,,,,
***,,,,,,,,.#≈≈.~≈#**,,,**,,,,,,,
,,,,,,,,,,,..≈≈∩~≈#**,,,***,,,,,,
,,,,,*****,##≈≈≈≈≈##,,***,,*,,,,*
,,,,** **..#≈≈≈..#.** ***,*,,,*
,,,** *,.,#......### **,,,,,**


You could see a naga (catching breath).

Vanquished Creatures
  Jorgrun (D:13)
  Rupert (D:13)
  Gastronok (Lair:3)
  3 dire elephants (Lair:5)
  A minotaur (Gauntlet)
  2 ettins
  4 hydras
  2 salamander tyrants (Snake:2)
  3 boulder beetles
  An ogre mage (D:15)
  4 centaur warriors
  3 death yaks
  5 anacondas (Snake:1)
  4 two-headed ogres
  6 naga warriors
  2 orc high priests (Orc:2)
  2 shock serpents
  4 naga sharpshooters (Snake:2)
  3 skysharks (Lair:5)
  A spectral death yak (Lair:5)
  Sonja (Lair:5)
  A wretched star (Gauntlet)
  A salamander mystic (Snake:2)
  A glowing orange brain (D:15)
  A spectral anaconda (Lair:5)
  An obsidian statue (Lair:5)
  3 deep elf pyromancers
  8 orc knights
  3 necromancers (Lair:5)
  A mana viper (Snake:1)
  20 ugly things
  5 cyclopes
  5 orc sorcerers
  3 manticores
  11 salamanders
  A merfolk siren (Lair:3)
  15 black mambas
  6 naga magi
  4 elephants (Lair:5)
  4 gargoyles
  A torpor snail (shapeshifter) (D:15)
  A torpor snail (Lair:2)
  6 cane toads
  4 rime drakes
  A kobold demonologist (D:10)
  7 komodo dragons
  A freezing wraith (D:14)
  An efreet (D:14)
  8 trolls
  2 polar bears
  A raiju (shapeshifter) (D:13)
  A hornet (D:8)
  3 blink frogs (Lair:2)
  A spectral elephant (Lair:5)
  11 dream sheep (Lair:5)
  4 slime creatures
  A water elemental (D:12)
  51 yaks
  6 wraiths
  A vampire (Bailey)
  6 wyverns
  4 basilisks
  14 humans
  A steam dragon (D:9)
  A death yak simulacrum (Lair:5)
  6 vampire mosquitoes
  24 nagas
  A warg (Orc:1)
  11 water moccasins
  19 orc warriors
  A sky beast (D:7)
  11 ogres
  3 black bears
  7 centaurs
  2 phantoms
  18 wolves
  A hexer (D:13)
  3 kobold brigands
  11 bullfrogs
  A small abomination (Gauntlet)
  4 scorpions
  A cane toad simulacrum (Lair:5)
  3 wights
  7 vampire bats (Bailey)
  4 howler monkeys
  7 wolf zombies (Bailey)
  14 orc priests
  4 hounds
  5 jellies
  2 gnoll boudas
  Ijyb (D:4)
  15 orc wizards
  An iguana (D:5)
  10 adders
  A river rat (D:5)
  10 gnolls
  2 white imps
  2 dart slugs
  2 worms
  59 orcs
  11 bats
  2 endoplasms
  5 giant cockroaches
  7 goblins
  10 hobgoblins
  10 jackals
  7 quokkas
  5 ball pythons
  3 frilled lizards
  25 kobolds
  16 orc zombies (Bailey)
  4 rats
664 creatures vanquished.

Vanquished Creatures (collateral kills)
  Kirke (Lair:4)
  Josephine (Lair:5)
  A centaur warrior (D:13)
  2 hydras
  A two-headed ogre (D:15)
  A death yak (Lair:4)
  An orc high priest (Orc:2)
  A wretched star (Gauntlet)
  Amaemon (Lair:2)
  A necromancer (Lair:5)
  An ugly thing (D:15)
  2 black mambas (Snake:1)
  2 naga magi (Snake:1)
  An elephant (Lair:5)
  An orange demon (Lair:2)
  A rime drake (Lair:5)
  A cane toad (Lair:4)
  2 komodo dragons
  A troll (D:11)
  A slime creature (D:15)
  A wraith (Lair:5)
  9 yaks
  A vampire mosquito (D:11)
  A human (D:13)
  3 nagas
  A water moccasin (Lair:5)
  3 orc warriors
  2 small abominations (Gauntlet)
  3 wolves
  A centaur (D:14)
  A bullfrog (Lair:3)
  2 wights (D:7)
  A jelly (Lair:4)
  9 orc wizards
  8 orcs
  2 kobolds (D:9)
72 creatures vanquished.

Vanquished Creatures (others)
  A human (Lair:4)
  A yak (Lair:5)
  An ancestor (D:9)
  12 hexers
  53 fungi
  61 plants
  18 withered plants (Lair:5)
147 creatures vanquished.

Grand Total: 883 creatures vanquished

Notes
Turn   | Place    | Note
-------+----------+-------------------------------------------
     0 | D:1      | cforsyth the Kobold Brigand began the quest for the Orb.
     0 | D:1      | Reached XP level 1. HP: 12/12 MP: 1/1
   140 | D:1      | Reached XP level 2. HP: 18/18 MP: 2/2
   185 | D:1      | You fall into a shaft and drop 1 floor!
   527 | D:1      | Reached XP level 3. HP: 22/22 MP: 3/3
   587 | D:1      | Found a faded altar of an unknown god.
  1236 | D:2      | Reached XP level 4. HP: 27/27 MP: 4/4
  1586 | D:2      | Reached skill level 6 in Stealth
  1635 | D:3      | Found a sparkling altar of Nemelex Xobeh.
  1840 | D:3      | Found Urallufu's Distillery.
  1903 | D:3      | Found a snail-covered altar of Cheibriados.
  1907 | D:3      | Reached XP level 5. HP: 32/32 MP: 5/5
  2424 | D:4      | Noticed Ijyb
  2428 | D:4      | Killed Ijyb
  2665 | D:4      | Reached XP level 6. HP: 30/38 MP: 6/6
  3230 | D:5      | Entered Level 5 of the Dungeon
  3326 | D:5      | Found a glowing drain.
  3333 | Sewer    | Entered a sewer
  3367 | Sewer    | Noticed a water moccasin
  3371 | Sewer    | Killed a water moccasin
  3372 | Sewer    | Reached skill level 5 in Short Blades
  3372 | Sewer    | Reached skill level 7 in Stealth
  3438 | D:5      | Reached XP level 7. HP: 43/43 MP: 7/7
  3539 | D:5      | Found a runed translucent gate.
  3566 | D:5      | Found a runed translucent gate.
  3566 | D:5      | Found a runed translucent gate.
  4137 | D:5      | Reached skill level 5 in Fighting
  4137 | D:5      | Reached skill level 5 in Dodging
  4137 | D:5      | Reached skill level 8 in Stealth
  4137 | D:5      | Reached XP level 8. HP: 40/49 MP: 8/8
  5089 | D:6      | Found a staircase to the Ecumenical Temple.
  5100 | Temple   | Entered the Ecumenical Temple
  5103 | Temple   | Found a transporter.
  5103 | Temple   | Found a transporter.
  5105 | Temple   | Found a transporter.
  5105 | Temple   | Found a transporter.
  5155 | Temple   | Became a worshipper of Hepliaklqana the Forgotten
  5195 | D:6      | Reached skill level 9 in Stealth
  5408 | D:7      | Reached XP level 9. HP: 55/55 MP: 9/9
  6333 | D:8      | Identified a scroll of acquirement
  6333 | D:8      | Acquired 672 gold pieces
  6386 | D:8      | Found a flagged portal.
  6393 | Bailey   | Entered a bailey
  6609 | Bailey   | Reached skill level 10 in Stealth
  7162 | Bailey   | Noticed a gargoyle
  7247 | Bailey   | Killed a gargoyle
  7248 | Bailey   | Reached XP level 10. HP: 26/63 MP: 10/10
  7519 | Bailey   | Identified the +0 leather armour "Wantiost" {Will+ Int-5
                  | Slay+6}
  7892 | D:8      | Reached skill level 11 in Stealth
  7940 | D:8      | Found a blossoming altar of Fedhas.
  7994 | D:8      | Reached * piety under Hepliaklqana
  8919 | D:9      | Reached skill level 10 in Short Blades
  9057 | D:9      | Noticed a two-headed ogre
  9480 | D:9      | Reached ** piety under Hepliaklqana
  9481 | D:9      | Remembered your ancestor Xiloxoch as a hexer
  9717 | D:9      | Reached skill level 12 in Stealth
  9908 | D:9      | Killed a two-headed ogre
  9909 | D:9      | Reached XP level 11. HP: 63/63 MP: 11/11
 10187 | D:10     | Entered Level 10 of the Dungeon
 10531 | D:10     | Reached skill level 10 in Dodging
 10608 | D:10     | Reached skill level 13 in Stealth
 11096 | D:10     | Reached *** piety under Hepliaklqana
 11614 | D:11     | Reached skill level 10 in Fighting
 11944 | D:11     | Found Faroc's Antique Weapon Shoppe.
 11947 | D:11     | Bought a scorched rapier for 225 gold pieces
 11947 | D:11     | Identified the +6 rapier "Iniucw" {distort, Str+4} (You
                  | bought it in a shop on level 11 of the Dungeon)
 12032 | D:11     | Noticed a cyclops
 12041 | D:11     | Killed a cyclops
 12094 | D:11     | Reached XP level 12. HP: 69/69 MP: 12/12
 12127 | D:11     | Reached skill level 14 in Stealth
 12261 | D:11     | Found a staircase to the Lair.
 13083 | D:12     | Found a staircase to the Orcish Mines.
 13276 | D:12     | Noticed a centaur warrior
 13279 | D:12     | Killed a centaur warrior
 13285 | D:12     | Noticed a two-headed ogre
 13289 | D:12     | Killed a two-headed ogre
 13536 | D:13     | Noticed a centaur warrior
 13536 | D:13     | Noticed Rupert
 13536 | D:13     | Noticed a centaur warrior
 13536 | D:13     | Found a gate to the Vaults.
 13569 | Lair:1   | Entered Level 1 of the Lair of Beasts
 13754 | Lair:1   | Reached **** piety under Hepliaklqana
 13866 | Lair:1   | Reached skill level 15 in Stealth
 14696 | Lair:2   | Noticed a seven-headed hydra
 14750 | Lair:2   | Found a gate leading to a gauntlet.
 14756 | Gauntlet | Entered a Gauntlet
 14767 | Gauntlet | Found a transporter.
 14769 | Gauntlet | Noticed a wretched star
 14775 | Gauntlet | Noticed a wretched star
 14783 | Gauntlet | Found a transporter.
 14797 | Gauntlet | Found a transporter.
 14822 | Gauntlet | Found a transporter.
 14828 | Gauntlet | Reached ***** piety under Hepliaklqana
 14848 | Gauntlet | Found a transporter.
 14862 | Gauntlet | Found a transporter.
 14898 | Gauntlet | Found a transporter.
 14909 | Gauntlet | Noticed a fire crab
 14920 | Gauntlet | Found a transporter.
 14920 | Gauntlet | Found a transporter.
 14943 | Gauntlet | Found a transporter.
 14980 | Gauntlet | Found a transporter.
 15042 | Gauntlet | Found a transporter.
 15162 | Gauntlet | Killed a wretched star
 15163 | Gauntlet | Reached XP level 13. HP: 42/75 MP: 13/13
 15804 | Gauntlet | Noticed a minotaur
 15817 | Gauntlet | Killed a minotaur
 16123 | Gauntlet | Got the Octavo of Hypothermia
 16281 | Lair:2   | Found a staircase to the Snake Pit.
 16540 | Lair:2   | Killed a seven-headed hydra
 16541 | Lair:2   | Reached skill level 16 in Stealth
 16775 | Lair:2   | Noticed Amaemon
 16797 | Lair:2   | Killed Amaemon
 17953 | Lair:3   | Noticed Gastronok
 17957 | Lair:3   | Killed Gastronok
 18237 | Lair:3   | Found a staircase to the Shoals.
 18575 | Lair:4   | Noticed a four-headed hydra
 18577 | Lair:4   | Killed a four-headed hydra
 18645 | Lair:4   | Noticed a five-headed hydra
 18649 | Lair:4   | Killed a five-headed hydra
 18650 | Lair:4   | Reached skill level 15 in Short Blades
 18687 | Lair:4   | Noticed Kirke
 18700 | Lair:4   | Killed Kirke
 18701 | Lair:4   | Reached XP level 14. HP: 76/82 MP: 14/14
 18845 | Lair:4   | Found a staircase to the Slime Pits.
 19272 | Lair:4   | Reached skill level 17 in Stealth
 19422 | Lair:5   | Entered Level 5 of the Lair of Beasts
 20689 | Lair:5   | Noticed Josephine
 21037 | Lair:5   | Noticed Sonja
 21056 | Lair:5   | Killed Sonja
 21511 | Lair:5   | Reached skill level 18 in Stealth
 21802 | Lair:5   | Noticed a dire elephant
 21802 | Lair:5   | Noticed a dire elephant
 21802 | Lair:5   | Noticed a dire elephant
 21804 | Lair:5   | Killed a dire elephant
 21817 | Lair:5   | Killed a dire elephant
 21818 | Lair:5   | Reached skill level 15 in Dodging
 21860 | Lair:5   | Reached XP level 15. HP: 14/90 MP: 15/15
 22652 | Lair:5   | Killed Josephine
 23095 | Orc:1    | Entered Level 1 of the Orcish Mines
 23570 | Orc:2    | Entered Level 2 of the Orcish Mines
 23576 | Orc:2    | Found a staircase to the Elven Halls.
 24447 | Orc:2    | Found a runed translucent gate.
 24448 | Orc:2    | Found a runed translucent gate.
 24449 | Orc:2    | Found a runed translucent gate.
 24450 | Orc:2    | Noticed sigtrap's ghost (journeyman SpHu)
 24565 | Orc:2    | Found Qauho's Gadget Gallery.
 24673 | Orc:2    | Reached ****** piety under Hepliaklqana
 24915 | Orc:2    | Reached skill level 19 in Stealth
 25150 | Orc:2    | Found Emaez's Assorted Antiques.
 25150 | Orc:2    | Found Luth's Assorted Antiques.
 25167 | Orc:2    | Found Impar's Weapon Shoppe.
 25167 | Orc:2    | Found Cidoazu's Weapon Boutique.
 25170 | Orc:2    | Bought an emerald potion for 32 gold pieces
 25176 | Orc:2    | Bought a murky blue potion for 30 gold pieces
 26550 | D:13     | Noticed Jorgrun
 26552 | D:13     | Killed Jorgrun
 27050 | D:13     | Found a runed translucent door.
 27057 | D:13     | Paralysed by Rupert for 3 turns
 27062 | D:13     | Killed Rupert
 27063 | D:13     | Reached skill level 15 in Fighting
 27146 | D:13     | Noticed Ideihu's ghost (journeyman DjFE)
 27347 | D:13     | Reached XP level 16. HP: 96/97 MP: 16/16
 29939 | D:15     | Entered Level 15 of the Dungeon
 30006 | D:15     | Reached skill level 20 in Stealth
 30164 | D:15     | Found Ocviywon's Demolitions Depot.
 30952 | D:15     | Found a staircase to the Depths.
 31232 | Snake:1  | Entered Level 1 of the Snake Pit
 32726 | Snake:2  | Reached XP level 17. HP: 103/103 MP: 17/17
 33256 | Snake:2  | Reached skill level 21 in Stealth
 34206 | Snake:2  | You fall into a shaft and drop 1 floor!
 34220 | Snake:3  | Found Lina's General Store.
 34261 | Snake:3  | HP: 5/104 [naga/+0 long sword (8)]
 34261 | Snake:3  | Constricted to death by a naga

Illustrated notes

Levels and vault maps discovered:
D:1:      dpeg_arrival_lava_altar, layout_basic,
          hellmonk_ecumenical_altar_zigzags
D:2:      layout_rooms, wander_ebering_terrifying_dragon_lair
D:3:      layout_loops_ring, mainiacjoe_overflow_catwalk_spiral, serial_shops,
          shop_statue
D:4:      layout_loops_ring, kennysheep_generic_room_2, uniq_ijyb
D:5:      layout_basic, gup_sewer_entry_bubbles, gammafunk_ghost_necromancy
D:6:      layout_loops_ring, minmay_temple_entry_wispy
D:7:      layout_basic
D:8:      layout_rooms, mainiacjoe_overflow_paths, enter_bailey_6,
          nicolae_wwwww, nicolae_elevator_lobby_plus
D:9:      layout_cave_pods
D:10:     layout_stronghold
D:11:     layout_long_grid, grunt_lair_entry_orc_guard_hut, serial_shops,
          nicolae_shop_behind_doors
D:12:     layout_gridville, orc_0_dummy, st_stairs_10, hangedman_decor_lopped,
          fungi_pond_lemuel
D:13:     layout_long_grid, david_vaults_3, hellmonk_ghost_happy_afterlife,
          uniq_jorgrun
D:14:     layout_layer_cave, minmay_fractal_squares_gapless_5
D:15:     gammafunk_enter_depths_forms, layout_rooms, dk_noncrumbling_4,
          nicolae_blasting_shop
Temple:   hellmonk_temple_divided_pantheon
Lair:1:   layout_cave_pods
Lair:2:   layout_gridlike, minmay_snake_entry_guardpost_medium,
          gauntlet_entry_generic, uniq_amaemon
Lair:3:   layout_regular_city, minmay_shoals_entry_lonely_mermaid,
          kennysheep_catoblepas_arena, uniq_gastronok
Lair:4:   layout_cave_pods, nicolae_slime_entry_field_trip, uniq_kirke
Lair:5:   due_jungle_book, layout_gridlike, uniq_sonja, uniq_josephine
Snake:1:  layout_grid_maze, nicolae_snake_gridmaze_spiral, grunt_ministairs_9
Snake:2:  cheibrodos_toxic_ritual, layout_misc_corridors
Snake:3:  layout_chambers, serial_shops, nicolae_shop_trees,
          nicolae_shop_hallway_stairs, nicolae_stop_n_shop_2,
          nicolae_shop_waterfront, portal_ice_cave_entry_pillars_1
Orc:1:    layout_caves, nicolae_orc_flooded_monolith
Orc:2:    grunt_orc_tribal_feast, layout_diamond_mine,
          ebering_ghost_rock_garden, nicolae_shop_gadgets

Skill      XL: |  1  2  3  4  5  6  7  8  9 10 11 12 13 14 15 16 17 |
---------------+----------------------------------------------------+-----
Short Blades   | 3 4 5 6 7 8 10 12 13 15 16 17 18 19 | 19.3
Dodging        | 2 3 4 5 6 7 9 10 12 13 15 16 17 | 17.7
Fighting       | 3 4 5 6 7 9 10 11 12 14 15 16 | 16.5
Stealth        | 6 7 8 9 10 12 13 15 16 18 19 20 21 | 21.2
Throwing       | |  2.1

Action                     |  1- 3 |  4- 6 |  7- 9 | 10-12 | 13-15 | 16-18 || total
---------------------------+-------+-------+-------+-------+-------+-------++-------
  Melee: Dagger            |    49 |   121 |   389 |   456 |   985 |   500 ||  2500
         Punch             |       |       |     8 |     7 |    10 |     8 ||    33
 Invoke: Recall Ancestor   |       |       |       |     2 |     3 |     3 ||     8
         Ancestor Life: He |       |       |       |     1 |       |       ||     1
    Use: Scroll            |       |     1 |    11 |     8 |     6 |     4 ||    30
         Potion            |       |       |     1 |       |     5 |     1 ||     7
   Stab: Sleeping          |    29 |    18 |    42 |    29 |    46 |    46 ||   210
         Distracted        |     1 |     1 |       |     9 |    26 |    10 ||    47
         Confused          |       |       |       |     8 |    19 |    11 ||    38
         Paralysed         |       |       |       |       |    15 |    15 ||    30
 Armour: Robe              |     1 |    13 |    42 |       |       |       ||    56
         Leather armour    |       |       |       |    30 |    96 |    32 ||   158
  Dodge: Dodged            |     7 |    76 |   291 |   266 |   551 |   342 ||  1533
  Block: Other             |       |       |       |    18 |   115 |    79 ||   212
         Reflection        |       |       |       |       |     3 |     7 ||    10

Table legend: (Time is in decaauts)
 A = Elapsed time spent in this place.
 B = Non-inter-level travel time spent in this place.
 C = Inter-level travel time spent in this place.
 D = Time resting spent in this place.
 E = Time spent auto-exploring this place.
 F = Levels seen in this place.
 G = Mean time per level.
                   A        B        C        D        E       F      G
               +--------+--------+--------+--------+--------+-----+--------+
         Total |  33206 |  32121 |   1085 |   7372 |  19745 |  29 | 1145.0 |
       Dungeon |  17078 |  16398 |    680 |   2237 |  11845 |  15 | 1138.5 |
        Temple |     81 |     71 |     10 |      0 |     32 |   1 |   81.0 |
          Lair |   7823 |   7506 |    317 |   1355 |   4909 |   5 | 1564.6 |
     Snake Pit |   2895 |   2866 |     29 |    777 |   1684 |   3 |  965.0 |
  Orcish Mines |   2742 |   2694 |     48 |   1535 |    757 |   2 | 1371.0 |
         Sewer |     72 |     72 |      0 |      0 |     31 |   1 |   72.0 |
        Bailey |   1156 |   1156 |      0 |    607 |    276 |   1 | 1156.0 |
      Gauntlet |   1355 |   1355 |      0 |    860 |    210 |   1 | 1355.0 |
               +--------+--------+--------+--------+--------+-----+--------+

Top non-repeatable levels by time:
  Lair:5: 2388 daAuts
  Lair:4: 1960 daAuts
    D:13: 1838 daAuts
    D:14: 1834 daAuts
 Snake:1: 1800 daAuts
   Orc:2: 1621 daAuts
    D:10: 1432 daAuts
  Lair:2: 1405 daAuts
Gauntlet: 1355 daAuts
    D:12: 1243 daAuts
     D:9: 1233 daAuts
     D:7: 1223 daAuts
  Bailey: 1156 daAuts
  Lair:1: 1126 daAuts
   Orc:1: 1120 daAuts
